3L
HOUSTON 1837 BBC @ GREENVILLE 84S
09/27/2027
 
TOP OF THE 1ST
Houston 1837 BBC batting - Pitching for Greenville 84s : LHP Hermenegildo Beliago
Pitching: LHP Hermenegildo Beliago
Batting: LHB Damian Delaney 0-0: Called Strike
0-1: Fly out, F3 (Popup, 34)
Batting: RHB Kumanosuke Abe 0-0: Swinging Strike
0-1: Called Strike
0-2: Ball
1-2: Foul Ball, location: 2F
1-2: Foul Ball, location: 2F
1-2: Ball
2-2: Ball
3-2: Strikes out swinging
Batting: RHB Bob Dickerson 0-0: Ball
1-0: Ball
2-0: Ball
3-0: Ground out 5-3 (Groundball, 5L)
Top of the 1st over - 0 run(s), 0 hit(s), 0 error(s), 0 left on base; Houston 0 - Greenville 0
BOTTOM OF THE 1ST
Greenville 84s batting - Pitching for Houston 1837 BBC : RHP Gary Bailey
Pitching: RHP Gary Bailey
Batting: RHB Roberto Escues 0-0: Called Strike
0-1: Ball
1-1: Foul Ball, location: 2F
1-2: Strikes out swinging
Batting: SHB Jorge Barrios 0-0: Ball
1-0: Ball
2-0: Called Strike
2-1: Ball
3-1: Ground out 4-3 (Groundball, 4)
Batting: RHB Dani Serrano 0-0: Ball
1-0: Foul Ball, location: 2F
1-1: Ball
2-1: Ground out 6-3 (Groundball, 6)
Bottom of the 1st over - 0 run(s), 0 hit(s), 0 error(s), 0 left on base; Houston 0 - Greenville 0
TOP OF THE 2ND
Houston 1837 BBC batting - Pitching for Greenville 84s : LHP Hermenegildo Beliago
Batting: LHB José Marín 0-0: SINGLE (Line Drive, 89S)
Batting: SHB Jason Alexander 0-0: Foul Ball, location: 2F
0-1: SINGLE (Groundball, 6MD)
José Marín to second
Runner from 2nd tries for 3rd, SAFE, no throw
Batting: LHB Mike Hanson 0-0: Swinging Strike
0-1: Ball
1-1: Ball
2-1: Foul Ball, location: 2F
2-2: Strikes out looking
Batting: RHB David Gómez 0-0: Called Strike
0-1: Foul Ball, location: 2F
0-2: Strikes out swinging
Batting: RHB Rubén Marino 0-0: Ball
1-0: Fielders Choice at 2nd, 5-4 (Groundball, 56)
Top of the 2nd over - 0 run(s), 2 hit(s), 0 error(s), 1 left on base; Houston 0 - Greenville 0
BOTTOM OF THE 2ND
Greenville 84s batting - Pitching for Houston 1837 BBC : RHP Gary Bailey
Batting: RHB Juan García 0-0: Fly out, F9 (Flyball, 9S)
Batting: SHB Francisco Reyes 0-0: Called Strike
0-1: Swinging Strike
0-2: Strikes out swinging, 2-3 out at first.
Batting: RHB Rodrigo Lugo 0-0: Ball
1-0: Ball
2-0: Called Strike
2-1: Foul Ball, location: 2F
2-2: Ground out 6-3 (Groundball, 6)
Bottom of the 2nd over - 0 run(s), 0 hit(s), 0 error(s), 0 left on base; Houston 0 - Greenville 0
TOP OF THE 3RD
Houston 1837 BBC batting - Pitching for Greenville 84s : LHP Hermenegildo Beliago
Batting: RHB Tracy Parker 0-0: Called Strike
0-1: Foul Ball, location: 2F
0-2: Ball
1-2: Foul Ball, location: 2F
1-2: Ball
2-2: Ball
3-2: Strikes out swinging
Batting: LHB Damian Delaney 0-0: Ball
1-0: Swinging Strike
1-1: SINGLE (Groundball, 5S) (infield hit)
Batting: RHB Kumanosuke Abe 0-0: Ball
Damian Delaney steals 2nd base
1-0: Swinging Strike
1-1: Foul Ball, location: 2F
1-2: Foul Ball, location: 2F
1-2: Ground out 6-3 (Groundball, 56)
Batting: RHB Bob Dickerson 0-0: Called Strike
0-1: Swinging Strike
0-2: Ball
1-2: Ball
2-2: Strikes out looking
Top of the 3rd over - 0 run(s), 1 hit(s), 0 error(s), 1 left on base; Houston 0 - Greenville 0
BOTTOM OF THE 3RD
Greenville 84s batting - Pitching for Houston 1837 BBC : RHP Gary Bailey
Batting: RHB Gabriel Rodríguez 0-0: Swinging Strike
0-1: Ball
1-1: Ball
2-1: SOLO HOME RUN (Flyball, 8LXD) (Inside the Park)
Batting: RHB Pablo Marrero 0-0: Fly out, F7 (Flyball, 78M)
Batting: RHB Joe Craig 0-0: Ball
1-0: Called Strike
1-1: Ground out 4-3 (Groundball, 4)
Batting: RHB Roberto Escues 0-0: Called Strike
0-1: Swinging Strike
0-2: Ball
1-2: SINGLE (Flyball, 7S)
Batting: SHB Jorge Barrios 0-0: Ball
Wild Pitch!
Roberto Escues to second
1-0: Foul Ball, location: 2F
1-1: Foul Ball, location: 2F
1-2: Ball
2-2: Strikes out swinging
Bottom of the 3rd over - 1 run(s), 2 hit(s), 0 error(s), 1 left on base; Houston 0 - Greenville 1
TOP OF THE 4TH
Houston 1837 BBC batting - Pitching for Greenville 84s : LHP Hermenegildo Beliago
Batting: LHB José Marín 0-0: Foul Ball, location: 2F
0-1: Fly out, F9 (Flyball, 89M)
Batting: SHB Jason Alexander 0-0: Ground out 5-3 (Groundball, 5S)
Batting: LHB Mike Hanson 0-0: SINGLE (Groundball, 6D)
Batting: RHB David Gómez 0-0: Called Strike
0-1: Ball
1-1: Fly out, F9 (Flyball, 9D)
Top of the 4th over - 0 run(s), 1 hit(s), 0 error(s), 1 left on base; Houston 0 - Greenville 1
BOTTOM OF THE 4TH
Greenville 84s batting - Pitching for Houston 1837 BBC : RHP Gary Bailey
Batting: RHB Dani Serrano 0-0: Foul Ball, location: 2F
0-1: SOLO HOME RUN (Flyball, 7D), Distance : 376 ft
Batting: RHB Juan García 0-0: Swinging Strike
0-1: Ball
1-1: Ball
2-1: Ground out 6-3 (Groundball, 6)
Batting: SHB Francisco Reyes 0-0: Ball
1-0: Called Strike
1-1: Ball
2-1: Foul Ball, location: 2F
2-2: Strikes out looking
Batting: RHB Rodrigo Lugo 0-0: Foul Ball, location: 2F
0-1: Fly out, F7 (Line Drive, 7S)
Bottom of the 4th over - 1 run(s), 1 hit(s), 0 error(s), 0 left on base; Houston 0 - Greenville 2
TOP OF THE 5TH
Houston 1837 BBC batting - Pitching for Greenville 84s : LHP Hermenegildo Beliago
Batting: RHB Rubén Marino 0-0: Ball
1-0: Ground out 5-3 (Groundball, 56S)
Batting: RHB Tracy Parker 0-0: Called Strike
0-1: Foul Ball, location: 2F
0-2: Ball
1-2: Ground out 5-3 (Groundball, 56S)
Batting: LHB Damian Delaney 0-0: Ball
1-0: Swinging Strike
1-1: Ground out U3 (Groundball, 34)
Top of the 5th over - 0 run(s), 0 hit(s), 0 error(s), 0 left on base; Houston 0 - Greenville 2
BOTTOM OF THE 5TH
Greenville 84s batting - Pitching for Houston 1837 BBC : RHP Gary Bailey
Batting: RHB Gabriel Rodríguez 0-0: Called Strike
0-1: Called Strike
0-2: Ball
1-2: Ball
2-2: Ball
3-2: Foul Ball, location: 2F
3-2: Fly out, F5 (Line Drive, 5)
Batting: RHB Pablo Marrero 0-0: SINGLE (Line Drive, 6D)
Batting: RHB Joe Craig 0-0: Swinging Strike
0-1: Ball
1-1: Swinging Strike
1-2: Ball
2-2: Ball
3-2: Base on Balls
Pablo Marrero to second
Batting: RHB Roberto Escues 0-0: Ball
Pablo Marrero is caught stealing 3rd base
Joe Craig to second
1-0: Foul Ball, location: 2F
1-1: Fly out, F9 (Flyball, 9S)
Bottom of the 5th over - 0 run(s), 1 hit(s), 0 error(s), 1 left on base; Houston 0 - Greenville 2
TOP OF THE 6TH
Houston 1837 BBC batting - Pitching for Greenville 84s : LHP Hermenegildo Beliago
Batting: RHB Kumanosuke Abe 0-0: Ball
1-0: Ball
2-0: Ball
3-0: Called Strike
3-1: Base on Balls
Batting: RHB Bob Dickerson 0-0: Ball
1-0: Called Strike
1-1: Ball
2-1: Ball
3-1: Base on Balls
Kumanosuke Abe to second
Batting: LHB José Marín 0-0: Ball
1-0: Swinging Strike
1-1: SINGLE (Groundball, 34D)
Kumanosuke Abe to third
Bob Dickerson to second
Batting: SHB Jason Alexander 0-0: Ball
1-0: Called Strike
1-1: Fly out, F5 (Popup, 56)
Batting: LHB Mike Hanson 0-0: Called Strike
0-1: Foul Ball, location: 2F
0-2: Foul Ball, location: 2F
0-2: Strikes out looking
Batting: RHB David Gómez 0-0: Fly out, F9 (Flyball, 9LMF)
Top of the 6th over - 0 run(s), 1 hit(s), 0 error(s), 3 left on base; Houston 0 - Greenville 2
BOTTOM OF THE 6TH
Greenville 84s batting - Pitching for Houston 1837 BBC : RHP Gary Bailey
Batting: SHB Jorge Barrios 0-0: Ball
1-0: Called Strike
1-1: Swinging Strike
1-2: Strikes out looking
Batting: RHB Dani Serrano 0-0: Foul Ball, location: 2F
0-1: Reached on error, E6 (Groundball, 6)
Batting: RHB Juan García 0-0: Called Strike
0-1: Ground out 5-3 (Groundball, 56S)
Dani Serrano to second
Batting: SHB Francisco Reyes 0-0: Ball
1-0: Foul Ball, location: 2F
1-1: Ball
2-1: Foul Ball, location: 2F
2-2: Foul Ball, location: 2F
2-2: Fly out, F9 (Flyball, 89D)
Bottom of the 6th over - 0 run(s), 0 hit(s), 1 error(s), 1 left on base; Houston 0 - Greenville 2
TOP OF THE 7TH
Houston 1837 BBC batting - Pitching for Greenville 84s : LHP Hermenegildo Beliago
Batting: RHB Rubén Marino 0-0: Fly out, F8 (Flyball, 8RM)
Pitching: LHP José Rico
Batting: RHB Tracy Parker 0-0: Swinging Strike
0-1: Swinging Strike
0-2: Ball
1-2: SINGLE (Line Drive, 4D)
Batting: LHB Damian Delaney 0-0: Called Strike
0-1: Swinging Strike
0-2: Ball
1-2: Ball
2-2: Foul Ball, location: 2F
2-2: SINGLE (Line Drive, 8RS)
Tracy Parker to second
Runner from 2nd tries for 3rd, SAFE, throw made to third
Damian Delaney to second
Batting: RHB Kumanosuke Abe 0-0: Called Strike
0-1: Called Strike
0-2: Ball
1-2: Ball
2-2: Foul Ball, location: 2F
2-2: Fly out, F8 (Flyball, 8RM)
Runner from 3rd tags up, SCORES, throw made
Batting: RHB Bob Dickerson 0-0: Ball
1-0: Swinging Strike
1-1: Ground out 6-3 (Groundball, 6S)
Top of the 7th over - 1 run(s), 2 hit(s), 0 error(s), 1 left on base; Houston 1 - Greenville 2
BOTTOM OF THE 7TH
Greenville 84s batting - Pitching for Houston 1837 BBC : RHP Gary Bailey
Batting: RHB Rodrigo Lugo 0-0: Ball
1-0: Ball
2-0: SINGLE (Groundball, 56D)
Batting: RHB Gabriel Rodríguez 0-0: Bunted foul
0-1: Ball
1-1: Sac Bunt - play at first, batter OUT! 3-4
Rodrigo Lugo to second
Batting: RHB Pablo Marrero 0-0: Foul Ball, location: 2F
0-1: Ball
1-1: Ball
2-1: Ball
3-1: Swinging Strike
3-2: Fly out, F7 (Line Drive, 7D)
Runner from 2nd tags up, SAFE at 3rd, no throw
Batting: RHB Joe Craig 0-0: Fly out, F7 (Flyball, 7)
Bottom of the 7th over - 0 run(s), 1 hit(s), 0 error(s), 1 left on base; Houston 1 - Greenville 2
TOP OF THE 8TH
Houston 1837 BBC batting - Pitching for Greenville 84s : LHP José Rico
Pitching: RHP Esteban González
Batting: LHB José Marín 0-0: Called Strike
0-1: Ground out 4-3 (Groundball, 4M)
Batting: SHB Jason Alexander 0-0: Ball
1-0: Foul Ball, location: 2F
1-1: Ball
2-1: Called Strike
2-2: Strikes out swinging
Batting: LHB Mike Hanson 0-0: Ball
1-0: Ball
2-0: Called Strike
2-1: Foul Ball, location: 2F
2-2: Strikes out swinging
Top of the 8th over - 0 run(s), 0 hit(s), 0 error(s), 0 left on base; Houston 1 - Greenville 2
BOTTOM OF THE 8TH
Greenville 84s batting - Pitching for Houston 1837 BBC : RHP Gary Bailey
Batting: RHB Roberto Escues 0-0: Ball
1-0: Ball
2-0: Ball
3-0: Base on Balls
Batting: SHB Jorge Barrios 0-0: Bunted foul
0-1: Sac Bunt - play at first, batter OUT! 1-4
Roberto Escues to second
Batting: RHB Dani Serrano 0-0: Ball
1-0: Ground out 5-3 (Groundball, 56)
Batting: RHB Juan García 0-0: Ground out 5-3 (Groundball, 56S)
Bottom of the 8th over - 0 run(s), 0 hit(s), 0 error(s), 1 left on base; Houston 1 - Greenville 2
TOP OF THE 9TH
Houston 1837 BBC batting - Pitching for Greenville 84s : RHP Esteban González
Pitching: RHP Quintiliano Seixal
Batting: RHB David Gómez 0-0: Ball
1-0: Called Strike
1-1: Ball
2-1: Ball
3-1: Fly out, F7 (Flyball, 78D)
Pinch Hitting: LHB Juan Gabriel 0-0: Ball
1-0: SINGLE (Groundball, 6D)
Batting: RHB Tracy Parker 0-0: Ball
1-0: Fly out, F8 (Flyball, 78D)
Batting: LHB Damian Delaney 0-0: Swinging Strike
0-1: Foul Ball, location: 2F
0-2: Ball
1-2: Foul Ball, location: 2F
1-2: Strikes out swinging
Top of the 9th over - 0 run(s), 1 hit(s), 0 error(s), 1 left on base; Houston 1 - Greenville 2
Saturday, May 26th, 2018 - OOTP Baseball 17.12 Build 75